 Dungeon Crawl Stone Soup version 0.26.1-11-gd32895ea62 (webtiles) character file.

Game seed: 7228618226569237021

296 Zeld the Cudgeller (level 6, 0/51 HPs)
             Began as a Palentonga Warper on May 30, 2021.
             Succumbed to an orc's poison
             ... on level 4 of the Dungeon.
             The game lasted 00:07:33 (7324 turns).

Zeld the Cudgeller (Palentonga Warper)              Turns: 7324, Time: 00:07:34

Health: 0/51       AC:  4    Str: 17    XL:     6   Next: 12%
Magic:  7/9        EV: 10    Int: 13    God:
Gold:   158        SH:  0    Dex:  9    Spells: 1/9 levels left

rFire    . . .     SeeInvis +   a - +0 mace
rCold    . . .     Faith    .   (no shield)
rNeg     . . .     Spirit   .   c - +0 robe
rPois    .         Reflect  .   (no helmet)
rElec    .         Harm     .   (no cloak)
rCorr    .         Rampage  .   (no gloves)
Will     .....                  (no barding)
Stlth    +.........             (no amulet)
HPRegen  0.17/turn              (no ring)
MPRegen  0.11/turn              (no ring)

@: lethally poisoned (0 -> -14)
A: large, rugged brown scales 3, see invisible, deformed body, roll 1, armoured
tail
a: Rolling Charge


You were on level 4 of the Dungeon.
You visited 1 branch of the dungeon, and saw 4 of its levels.

You collected 158 gold pieces.

Inventory:

Hand Weapons
 a - a +0 mace (weapon)
Missiles
 e - 5 boomerangs of dispersal (quivered)
Armour
 c - a +0 robe (worn)
Jewellery
 b - an uncursed amulet of faith {unknown}
 l - an uncursed ring of ice {unknown}
Wands
 r - a wand of digging (8)
Scrolls
 f - a scroll of magic mapping {unknown}
 h - 2 scrolls of amnesia {unknown}
 j - 3 scrolls of identify {unknown}
 k - a scroll of fear {unknown}
 n - a scroll of random uselessness {unknown}
 o - a scroll of teleportation {unknown}
 s - a scroll of remove curse {unknown}
Potions
 g - 2 potions of magic {unknown}
 i - a potion of haste {unknown}
 m - a potion of degeneration {unknown}
 p - a potion of curing {unknown}
 q - 2 potions of flight {unknown}
 t - a potion of berserk rage {unknown}


   Skills:
 - Level 2.0 Fighting
 * Level 6.1 Maces & Flails
 - Level 1.5 Throwing
 - Level 0.7 Armour
 - Level 1.5 Dodging
 - Level 2.0 Spellcasting
 - Level 3.0 Translocations


You had one spell level left.
You knew the following spells:

 Your Spells              Type           Power        Failure   Level
a - Blink                 Tloc           N/A          11%         2
b - Gell's Gravitas       Tloc           4%           22%         3
c - Lesser Beckoning      Tloc           4%           22%         3

Your spell library contained the following spells:

 Spells                   Type           Power        Failure   Level
 Teleport Other           Tloc           9%           22%         3
 Passage of Golubria      Tloc           N/A          58%         4


Dungeon Overview and Level Annotations

Branches:
Dungeon (4/15)
 Temple: D:4-7

Altars:
Qazlal


Innate Abilities, Weirdness & Mutations

You are completely covered in rugged brown scales. (AC +3, +7% HP)
You have supernaturally acute eyesight. (SInv)
Armour fits poorly on your strangely shaped body.
You can roll at nearby foes to attack.
You have a long armoured tail.


Message History

There is a lethal amount of poison in your body!
There is a lethal amount of poison in your body!
* * * LOW HITPOINT WARNING * * *
You feel very sick.
* * * LOW HITPOINT WARNING * * *
You feel sick.
Your magical contamination has completely faded away.
* * * LOW HITPOINT WARNING * * *
You feel sick.
* * * LOW HITPOINT WARNING * * *
You feel sick.
* * * LOW HITPOINT WARNING * * *
You feel sick.
* * * LOW HITPOINT WARNING * * *
You feel sick.
* * * LOW HITPOINT WARNING * * *
You feel sick.
* * * LOW HITPOINT WARNING * * *
You feel sick.
You die...

#.##....#....#.# ######g##
#.......#.####'## #.......#
#..#.##.#.###...## #........
#.....)...##.....###.......#
##.#..#.###.......##.......#
#....#.##.........#.....[.#
#.....[<'.........'........
#....#.##....)....#........
#......###@.)....#####..###
####.### ##.....## #.......
#...# ##...## #.#.#### #.###
##'## #.#.## # #.# #.#
#.#..# # #.# ### #.# #.##.#
# #.######.###.## ###.##.# #
#.......#.#...###...##.###
########.#....(##.#.......


There were no monsters in sight!

Vanquished Creatures
  A howler monkey (D:2)
  A hound (D:4)
  3 orc wizards
  A gnoll (D:4)
  4 adders
  2 oozes
  3 worms
  6 orcs
  3 ball pythons (D:1)
  10 bats
  4 giant cockroaches
  8 goblins
  12 hobgoblins
  5 jackals
  2 quokkas (D:3)
  3 frilled lizards
  8 kobolds
  6 rats
82 creatures vanquished.

Vanquished Creatures (others)
  40 plants (D:4)
40 creatures vanquished.

Grand Total: 122 creatures vanquished

Notes
Turn   | Place    | Note
-------+----------+-------------------------------------------
     0 | D:1      | Zeld the Palentonga Warper began the quest for the Orb.
     0 | D:1      | Reached XP level 1. HP: 18/18 MP: 3/3
   160 | D:1      | Reached skill level 1 in Throwing
   181 | D:1      | Reached XP level 2. HP: 3/25 MP: 5/5
   557 | D:1      | Learned a level 2 spell: Blink
  1181 | D:1      | Reached XP level 3. HP: 21/31 MP: 6/6
  1185 | D:1      | Learned a level 3 spell: Gell's Gravitas
  1518 | D:2      | Reached skill level 3 in Maces & Flails
  1518 | D:2      | Reached XP level 4. HP: 20/38 MP: 7/7
  1805 | D:2      | Reached skill level 4 in Maces & Flails
  3148 | D:3      | Found a stormy altar of Qazlal.
  3414 | D:3      | Reached XP level 5. HP: 39/43 MP: 8/8
  3418 | D:3      | Learned a level 3 spell: Lesser Beckoning
  3588 | D:3      | Reached skill level 5 in Maces & Flails
  5368 | D:4      | HP: 1/43 [gnoll/+0 halberd (13)]
  6435 | D:4      | Reached skill level 6 in Maces & Flails
  6435 | D:4      | Reached XP level 6. HP: 37/51 MP: 9/9
  7322 | D:4      | HP: 2/51 [poisoned by an orc]
  7324 | D:4      | Succumbed to an orc's poison

Illustrated notes

Levels and vault maps discovered:
D:1:      dpeg_arrival_arbitrary_c, layout_loops_ring, minmay_pentomino_p2
D:2:      layout_basic
D:3:      layout_basic, st_stairs_11, grunt_qazlal_clouds
D:4:      wad_woods_settlement, layout_loops_corners

Skill      XL: |  1  2  3  4  5 |
---------------+----------------+-----
Throwing       | 1 |  1.5
Maces & Flails | 3 4 6 |  6.1
Fighting       | |  2.0
Armour         | |  0.7
Dodging        | |  1.5
Spellcasting   | |  2.0
Translocations | |  3.0

Action                   |  1- 3 |  4- 6 || total
-------------------------+-------+-------++-------
Melee: Mace              |   104 |   234 ||   338
       Tailslap          |     7 |    27 ||    34
 Cast: Blink             |     6 |    15 ||    21
       Gell's Gravitas   |       |     6 ||     6
 Abil: Rolling Charge    |     7 |    14 ||    21
  Use: Scroll            |       |     1 ||     1
Armor: Robe              |    64 |    70 ||   134
Dodge: Dodged            |    78 |   144 ||   222
